Map: Thunderbird LE

Players

Kas

  • Race: Terran Terran
  • League: Platinum
  • Spawn Location: 5:00

Sakura - Winner!

  • Race: Protoss Protoss
  • Spawn Location: 11:00

Event: 2019 WCS Summer

VOD

Have the link to the VOD?

Description

Time

  • Played on: July 12, 2019, 7:08 a.m.
  • Length: 8:06

All games in this series

Show
View Real Time Build Order
Export as new Build Order

Kas Terran 

Build Orders: Gas First Reaper Expand, Banshee Rush 

Get SALT Encoding   

  12  0:00  SCV  
  13  0:12  SCV  
  14  0:16  Supply Depot  
  14  0:25  SCV  
  14  0:27  Refinery  
  15  0:38  SCV  
  16  0:44  Barracks  
  16  0:50  SCV  
  17  1:02  SCV  
  18  1:14  SCV  
  19  1:32  Orbital Command, Reaper  
  20  1:47  Command Center  
  20  1:56  Factory  
  20  2:00  SCV  
  21  2:05  Barracks Reactor  
  21  2:10  Supply Depot  
  21  2:15  SCV  
  22  2:19  Refinery  
  22  2:27  SCV  
  23  2:39  SCV  
  23  2:43  Starport  
  24  2:48  Hellion x2  
  28  2:53  Barracks Tech Lab, SCV  
  29  3:00  Orbital Command  
  29  3:05  SCV  
  30  3:17  Marine x2, SCV  
  33  3:21  Factory Tech Lab  
  33  3:25  Cloaking Field  
  33  3:29  SCV  
  33  3:30  Banshee  
  37  3:35  SCV  
  37  3:37  Marine x2  
  37  3:41  SCV  
  41  3:46  Supply Depot  
  41  3:48  SCV  
  42  3:55  Marine, SCV  
  43  4:00  SCV  
  45  4:07  SCV, Supply Depot  
  45  4:08  Siege Tank, Supply Depot  
  49  4:12  SCV  
  49  4:13  Marine x2  
  52  4:19  SCV  
  53  4:26  Command Center  
  53  4:27  SCV  
  53  4:29  Raven  
  56  4:33  Marine x2  
  56  4:34  SCV  
  59  4:41  SCV  
  60  4:47  SCV  
  60  4:49  Supply Depot  
  60  4:52  Barracks  
  61  4:54  Barracks, SCV  
  61  4:56  Siege Tank  
  61  4:59  SCV  
  66  5:00  Marine  
  66  5:01  Marine  
  68  5:08  SCV  
  68  5:10  Refinery, Supply Depot  
  68  5:12  Refinery  
  68  5:13  SCV  
  70  5:18  Marine  
  70  5:20  SCV  
  70  5:21  Supply Depot  
  72  5:25  Starport Reactor  
  72  5:28  SCV  
  73  5:32  SCV  
  73  5:33  Marine  
  75  5:36  Marine  
  75  5:39  Orbital Command  
  76  5:47  SCV  
  70  5:50  Engineering Bay  
  70  5:51  Stimpack, Marauder  
  70  5:52  Marine, Engineering Bay, SCV  
  70  5:57  Combat Shield  
  74  5:58  Factory Reactor, Marauder  
  74  6:00  SCV  
  76  6:07  Orbital Command  
  76  6:08  SCV  
  76  6:10  Barracks  
  77  6:12  Barracks  
  77  6:14  Marine, Marauder  
  77  6:15  Marine  
  77  6:17  SCV  
  82  6:19  Marauder  
  82  6:20  SCV  
  85  6:29  SCV  
  85  6:30  Supply Depot  
  86  6:33  SCV x2, Supply Depot  
  86  6:39  Medivac x2  
  91  6:40  Marine  
  91  6:41  SCV  
  91  6:46  Missile Turret  
  93  6:49  Marauder  
  93  6:50  Marauder, SCV  
  93  6:51  Missile Turret  
  93  6:53  SCV  
  93  6:54  SCV  
  100  6:58  Marine  
  100  6:59  Marine  
  100  7:00  Barracks Reactor, Barracks Tech Lab  
  102  7:04  Widow Mine, Supply Depot  
  102  7:05  SCV  
  102  7:08  SCV x2  
  107  7:10  Marauder  
  107  7:11  Marauder  
  110  7:17  Supply Depot  
  110  7:18  Supply Depot  
  110  7:20  SCV x2, Supply Depot  
  110  7:21  SCV  
  113  7:24  Armory  
  113  7:25  Ghost Academy  
  115  7:30  Marauder, Marine x2  
  115  7:36  Missile Turret  
  117  7:39  Widow Mine x2, SCV  
  109  7:46  Marine x2  
  109  7:47  Marine  
  109  7:48  Marine  
Show
View Real Time Build Order
Export as new Build Order

Sakura Protoss - Winner!

Build Orders: 1 Gate Expand, Blink Stalkers 

Get SALT Encoding   

  12  0:00  Probe  
  13  0:12  Probe  
  14  0:17  Pylon  
  14  0:24  Probe  
  15  0:35  Probe  
  15  0:36  Gateway  
  16  0:43  Probe  
  16  0:44  Assimilator  
  17  0:52  Probe  
  18  1:04  Probe  
  19  1:16  Probe  
  20  1:24  Cybernetics Core  
  20  1:34  Nexus  
  20  1:41  Pylon  
  20  1:42  Probe  
  21  1:50  Assimilator, Adept  
  21  1:54  Probe  
  21  2:00  Warp Gate  
  24  2:07  Probe  
  25  2:10  Pylon  
  25  2:18  Probe  
  26  2:26  Probe  
  26  2:27  Sentry  
  28  2:34  Probe  
  29  2:42  Probe  
  30  2:45  Probe  
  30  2:49  Twilight Council  
  30  2:50  Probe  
  32  2:55  Stalker  
  32  2:57  Probe  
  36  2:59  Gateway  
  36  3:00  Probe  
  37  3:09  Probe  
  37  3:10  Shield Battery  
  38  3:13  Probe  
  38  3:15  Blink  
  38  3:17  Probe  
  39  3:25  Stalker, Probe x2  
  44  3:38  Probe, Pylon  
  46  3:41  Probe  
  46  3:50  Probe  
  46  3:53  Probe  
  46  3:54  Stalker  
  50  3:59  Robotics Facility  
  50  4:02  Probe  
  51  4:05  Probe  
  52  4:14  Probe, Nexus  
  52  4:15  Phoenix  
  53  4:19  Assimilator, Pylon  
  53  4:22  Pylon  
  53  4:23  Probe  
  54  4:26  Stalker  
  54  4:28  Stalker  
  58  4:32  Probe  
  58  4:34  Shield Battery  
  58  4:36  Probe  
  60  4:40  Forge  
  60  4:43  Observer  
  60  4:44  Probe  
  62  4:53  Gateway x2  
  62  4:55  Stalker  
  61  5:03  Probe  
  62  5:08  Probe  
  62  5:10  Observer  
  64  5:15  Probe  
  64  5:20  Probe  
  64  5:21  Shield Battery  
  66  5:26  Stalker  
  66  5:27  Probe, Protoss Ground Armor Level 1  
  67  5:30  Probe  
  67  5:32  Probe  
  69  5:38  Pylon  
  69  5:39  Probe  
  69  5:40  Charge  
  69  5:42  Gateway  
  70  5:43  Gateway  
  70  5:52  Warp Prism  
  70  5:56  Probe, Gateway x2  
  73  6:01  Probe  
  74  6:04  Probe  
  74  6:08  Probe  
  74  6:09  Gateway  
  76  6:13  Probe  
  76  6:15  Sentry x2  
  82  6:18  Probe  
  82  6:19  Warp Prism  
  82  6:20  Probe, Pylon  
  83  6:26  Zealot x2  
  83  6:31  Pylon x2  
  83  6:32  Probe  
  90  6:38  Observer  
  90  6:45  Zealot x4  
  90  6:46  Stalker x2, Pylon  
  102  6:57  Zealot x2  
  106  7:05  Zealot x5  
  106  7:07  Probe  
  117  7:09  Probe  
  118  7:23  Zealot  
  118  7:24  Zealot x3  
  118  7:27  Nexus  
  126  7:30  Pylon  
  116  7:45  Zealot x8  
  128  7:52  Zealot  
  111  8:05  Stalker x6  
Tags
 
Add a new tag
Caveats
  • Supply blocks, unpowered buildings, or Contaminate may cause inaccurate times.
  • Supply counts are checked every 10 seconds.